 Dungeon Crawl Stone Soup version 0.19-a0-892-g8a19e52 (webtiles) character file.

217 inmateoo the Chopper (level 5, -1/47 HPs)
             Began as a Minotaur Fighter on July 4, 2016.
             Slain by Grinder (6 damage)
             ... on level 3 of the Dungeon.
             The game lasted 00:02:11 (1784 turns).

inmateoo the Chopper (Minotaur Fighter)             Turns: 1784, Time: 00:02:12

Health: -1/47      AC:  7    Str: 27    XL:     5   Next: 61%
Magic:  4/4        EV:  8    Int:  5    God:
Gold:   196        SH: 10    Dex:  9    Spells: 0 memorised, 4 levels left

rFire  . . .     SeeInvis .     m - +1 dagger (venom)
rCold  . . .     Gourm    .     b - +0 scale mail
rNeg   . . .     Faith    .     c - +0 shield
rPois  .         Spirit   .     (helmet restricted)
rElec  .         Dismiss  .     (no cloak)
rCorr  .         Reflect  .     (no gloves)
SustAt .         Harm     .     (no boots)
MR     .....                    (no amulet)
Stlth  ..........               (no ring)
                                (no ring)

@: mighty, not resistant to hostile enchantments, extremely unstealthy
A: retaliatory headbutt, horns 2
a: no special abilities


You were on level 3 of the Dungeon.
You were not hungry.

You visited 1 branch of the dungeon, and saw 3 of its levels.

You collected 196 gold pieces.

Inventory:

Hand Weapons
 a - a +0 war axe
 m - a +1 dagger of venom (weapon)
Armour
 b - a +0 scale mail (worn)
 c - a +0 shield (worn)
Jewellery
 r - a +4 ring of dexterity {unknown}
Wands
 o - a wand of slowing (1/48)
Scrolls
 e - 5 scrolls of identify {unknown}
 j - 2 scrolls of blinking {unknown}
 t - a scroll of remove curse {unknown}
 u - a scroll of enchant armour {unknown}
Potions
 g - 2 potions of cure mutation {unknown}
 h - 2 potions of haste {unknown}
 k - a potion of invisibility
 l - 2 potions of lignification {unknown}
 n - 2 potions of magic {unknown}
 p - a potion of brilliance {unknown}
Comestibles
 f - 4 bread rations
 i - 2 meat rations
 q - 2 fruits
 s - a royal jelly
 v - 2 chunks of flesh


   Skills:
 + Level 4.7 Fighting
 * Level 5.0 Axes
 + Level 4.4 Armour
 + Level 4.6 Shields


You had 4 spell levels left.
You didn't know any spells.

Dungeon Overview and Level Annotations

Branches:
Dungeon (3/15)

Altars:
Fedhas

Annotations:
D:3 Grinder


Innate Abilities, Weirdness & Mutations

You reflexively headbutt those who attack you in melee.
You have a pair of horns on your head.


Message History

Grinder blinks!
Grinder gestures at you.
You shrug off the repeated paralysis!
Grinder hits you!
You writhe in agony.
You can move again.
Unknown command.
Unknown command.
You hit Grinder.
Grinder is poisoned.
Grinder is lightly wounded.
Grinder hits you.
* * * LOW HITPOINT WARNING * * *
You writhe in agony.
* * * LOW HITPOINT WARNING * * *
You are too injured to fight recklessly!
Unknown command.
You feel very mighty all of a sudden. Grinder hits you.
* * * LOW HITPOINT WARNING * * *
You writhe in agony.
You die...

######.####..#.#..#
#..................
#.###.......#......
##.....?.###.#.#.##.
#...................
########5###.#.#..#.
#.................
#.####.##..#.##.##
#@####.##.....(.##
#5##.......#)(..##
#.##........#.....
#.##..(.....))....
#.##..............
#................#
##................
###.##.##...#..# #.
#. #.......


You could see Grinder.

Vanquished Creatures
  Ijyb (D:2)
  Terence (D:3)
  Natasha (thrice) (D:2)
  4 adders
  3 dart slugs
  3 worms (D:2)
  A giant gecko (D:1)
  An orc (D:3)
  A ball python (D:2)
  4 bats
  2 giant cockroaches
  2 goblins (D:2)
  6 hobgoblins
  7 kobolds
  A quokka (D:2)
  3 giant newts
  8 rats
51 creatures vanquished.

Notes
Turn   | Place    | Note
-------+----------+-------------------------------------------
     0 | D:1      | inmateoo the Minotaur Fighter began the quest for the Orb.
     0 | D:1      | Reached XP level 1. HP: 19/19 MP: 0/0
   122 | D:1      | Reached XP level 2. HP: 23/27 MP: 1/1
   191 | D:1      | Reached skill level 3 in Axes
   706 | D:1      | Reached XP level 3. HP: 32/33 MP: 2/2
   935 | D:2      | Found a blossoming altar of Fedhas.
   942 | D:2      | Noticed Ijyb
   953 | D:2      | Killed Ijyb
   953 | D:2      | Reached skill level 4 in Axes
   953 | D:2      | Reached XP level 4. HP: 36/40 MP: 3/3
   997 | D:2      | Noticed Natasha
  1001 | D:2      | Noticed Terence
  1004 | D:2      | Killed Natasha
  1023 | D:3      | Killed Terence
  1151 | D:2      | Noticed Natasha
  1158 | D:2      | Killed Natasha
  1158 | D:2      | Reached XP level 5. HP: 35/47 MP: 4/4
  1172 | D:2      | Noticed Natasha
  1190 | D:2      | Killed Natasha
  1697 | D:2      | Reached skill level 5 in Axes
  1746 | D:3      | Noticed Grinder
  1750 | D:3      | Paralysed by Grinder for 7 turns
  1778 | D:3      | Paralysed by Grinder for 5 turns
  1784 | D:3      | Slain by Grinder

Vault maps used:
D:1:      minmay_arrival_open_corners
D:2:      lemuel_doored_altar, uniq_iyjb, uniq_natasha, uniq_terence
D:3:      grunt_pakellas_sulfur, uniq_grinder, uniq_jessica

Skill      XL: |  1  2  3  4  5 |
---------------+----------------+-----
Axes           | 3 4 5 |  5.0
Fighting       | 4 |  4.7
Shields        | 4 |  4.6
Armour         | 4 |  4.4

Action                   |  1- 3 |  4- 6 || total
-------------------------+-------+-------++-------
Melee: War axe           |    51 |    67 ||   118
       Headbutt          |     9 |     9 ||    18
       Dagger            |    10 |    10 ||    20
  Use: Potion            |       |     1 ||     1
  Eat: Chunk             |       |     3 ||     3
Armor: Scale mail        |    18 |    27 ||    45
Dodge: Dodged            |    15 |    23 ||    38
Block: Shield            |    32 |    49 ||    81
